 Dungeon Crawl Stone Soup version 0.31.0-11-ge490571c62 (webtiles) character file.

Game seed: 10563348773088920030

3327 Chiseanne the Unseen (level 10, 0/66 HPs)
             Began as an Octopode Shapeshifter on Feb 8, 2024.
             Was an Initiate of Gozag.
             Slain by a kobold
             ... wielding a +0 short sword
              (3 damage)
             ... on level 8 of the Dungeon.
             The game lasted 00:12:30 (7831 turns).

Chiseanne the Unseen (Octopode Shapeshifter)        Turns: 7831, Time: 00:12:30

Health: 0/66       AC:  1    Str: 15    XL:     10   Next: 2%
Magic:  19/19      EV: 15    Int: 12    God:    Gozag
Gold:   196        SH:  0    Dex: 15    Spells: 22/22 levels left

rFire   . . .        i - +2 short sword (venom)
rCold   . . .        (no shield)
rNeg    . . .        (helmet currently unavailable)
rPois   .            v - amulet of the acrobat
rElec   .            (no ring)
rCorr   .            (no ring)
SInv    .            (no ring)
Will    .....        (no ring)
Stlth   +++++++      (no ring)
HPRegen 0.31/turn    (no ring)
MPRegen 0.16/turn    (no ring)
                     (no ring)

%: acrobat
@: lethally poisoned (0 -> -3), beast-form, gold aura
A: beast (slay +3), almost no armour, amphibious, 8 rings, camouflage 1,
gelatinous body 1, (nimble swimmer 1), tentacles
a: Begin Untransformation, Renounce Religion, Potion Petition, Call Merchant,
Bribe Branch


You were on level 8 of the Dungeon.
You worshipped Gozag.
Gozag was aware of your devotion.
You were a hulking beast.
You visited 2 branches of the dungeon, and saw 9 of its levels.

You collected 394 gold pieces.
You paid 198 gold pieces to Gozag.

Inventory:

Hand Weapons
 i - a +2 short sword of venom (weapon)
 p - a +2 flail of protection
Missiles
 e - 64 stones
 g - 5 javelins
 h - 9 boomerangs
 r - 7 poisoned darts (quivered)
 x - a curare-tipped dart
Magical Staves
 j - a staff of death
Jewellery
 s - an amulet of faith
 v - an amulet of the acrobat (around mantle)
Talismans
 b - a beast talisman (active)
 c - a flux talisman
 n - a maw talisman
 o - a serpent talisman
Wands
 w - a wand of iceblast (11)
 y - a wand of digging (7)
Scrolls
 q - a scroll of teleportation
 A - 2 scrolls of fear
 E - a scroll of fog
Potions
 a - 3 potions of lignification
 f - 7 potions of curing
 k - 3 potions of brilliance
 m - a potion of mutation
 t - a potion of ambrosia
 u - 2 potions of might
 z - a potion of magic
 B - a potion of haste


   Skills:
 * Level 5.3 Fighting
 * Level 5.6 Dodging
 * Level 15.8 Stealth
 - Level 3.0 Unarmed Combat
 - Level 6.5 Spellcasting
 * Level 5.8 Shapeshifting


You had 22 spell levels left.
You didn't know any spells.
Your spell library contained the following spells:

 Spells                   Type           Power      Damage    Failure   Level
 Ozocubu's Armour         Ice            3%         N/A       45%         3
 Metabolic Englaciation   Hex/Ice        1%         N/A       99%         5
 Sculpt Simulacrum        Ice/Alch       1%         N/A       100%        6


Dungeon Overview and Level Annotations

Branches:
Dungeon (8/15)             Temple (1/1) D:7
   Lair: D:8-11

Altars:
Ashenzari
Cheibriados
Dithmenos
Elyvilon
Fedhas
Gozag
Hepliaklqana
Kikubaaqudgha
Makhleb
Nemelex Xobeh
Okawaru
Qazlal
Sif Muna
Trog
Uskayaw
Vehumet
Wu Jian
Xom
Yredelemnul
The Shining One

Shops:
D:6 ?

Annotations:
D:3 Ijyb
D:5 Edmund
D:7 2 transporters, nitefall's ghost, novice MiBe


Innate Abilities, Weirdness & Mutations

You are a hulking beast.
Your limbs bulge with bestial killing power. (Slay +3)
You cannot wear most types of armour.
You are amphibious.
You can wear up to eight rings at the same time.
Your skin changes colour to match your surroundings (Stealth+).
Your rubbery body absorbs attacks. (AC +1, EV +1)
((You are camouflaged when in or above water. (Stealth+)))
You have tentacles for arms and can constrict up to eight enemies at once.


Message History

The orc warrior is moderately wounded.
You constrict the orc warrior, but do no damage.
The orc warrior hits you with a +0 mace!
The kobold brigand hits you with a +0 club.
You closely miss the kobold brigand. You grab the kobold brigand.
You squeeze the kobold brigand!
The kobold brigand is heavily wounded.
You constrict the orc warrior, but do no damage.
You constrict the kobold brigand.
The orc warrior hits you with a +0 mace!
The kobold brigand hits you with a +0 club.
You feel much better.
You constrict the orc warrior. You constrict the kobold brigand.
The orc warrior hits you with a +0 mace!
The kobold brigand hits you with a +0 club.
The kobold throws a poisoned dart.
The poisoned dart hits you!
You are poisoned.
You hit the kobold brigand.
The kobold brigand looks as sick as possible!
You squeeze the kobold brigand!
The kobold brigand is almost dead.
You constrict the orc warrior. You constrict the kobold brigand.
You kill the kobold brigand!
You feel sick. The orc warrior completely misses you.
You hit the kobold but do no damage.
The kobold is poisoned.
Your grab misses the kobold. You squeeze the kobold.
You kill the kobold!
You constrict the orc warrior.
You feel sick.
The orc warrior hits you with a +0 mace!
* * * LOW HITPOINT WARNING * * *
The kobold closely misses you.
You hit the orc warrior but do no damage.
The orc warrior looks as sick as possible!
You squeeze the orc warrior.
You kill the orc warrior!
* * * LOW HITPOINT WARNING * * *
You feel sick.
The kobold hits you with a +0 short sword.
You die...
Your body crumbles into a pile of gold.

#... .#. ####... ...
....... #.# ....... #.#
.. ....... #<####....
.......#######.......#
....?..................
...(.....K$............
....######h############
K.. #$# . #.# #.# #.#
... ###


You could see a kobold.

Vanquished Creatures
  Sigmund (D:3)
  A water moccasin (D:7)
  An orc warrior (D:8)
  2 ice beasts
  A sky beast (D:6)
  A black bear (D:7)
  3 ogres
  A phantom (D:5)
  2 kobold brigands
  A bullfrog (D:8)
  6 scorpions
  A bombardier beetle (D:3)
  7 hounds
  4 orc priests
  3 jellies
  A sleepcap (D:6)
  2 iguanas
  Natasha (thrice) (D:2)
  3 orc wizards
  10 adders
  2 shadow imps
  2 ribbon worms (D:3)
  A dart slug (D:1)
  12 orcs
  5 ball pythons
  7 endoplasms
  A giant cockroach (D:3)
  4 goblins
  6 hobgoblins
  7 jackals
  9 quokkas
  3 bats
  2 frilled lizards
  14 kobolds
  7 rats
136 creatures vanquished.

Notes
Turn   | Place    | Note
-------+----------+-------------------------------------------
     0 | D:1      | Chiseanne the Octopode Shapeshifter began the quest for the
                  | Orb.
     0 | D:1      | Reached XP level 1. HP: 13/13 MP: 1/1
    94 | D:1      | Reached skill level 1 in Stealth
    94 | D:1      | Reached XP level 2. HP: 14/18 MP: 2/2
   613 | D:2      | Reached XP level 3. HP: 18/23 MP: 3/3
   653 | D:2      | Found a shadowy altar of Dithmenos.
   667 | D:2      | Reached skill level 2 in Stealth
   732 | D:2      | Noticed Natasha
   740 | D:2      | Killed Natasha
   741 | D:2      | Reached XP level 4. HP: 29/29 MP: 4/4
   803 | D:2      | Noticed Natasha
   823 | D:2      | Killed Natasha
   900 | D:2      | Found a faded altar of an unknown god.
  1015 | D:2      | Noticed Natasha
  1066 | D:2      | Killed Natasha
  1067 | D:2      | Reached skill level 3 in Stealth
  1067 | D:2      | Reached XP level 5. HP: 12/35 MP: 5/5
  1972 | D:3      | Noticed Ijyb
  1974 | D:3      | Noticed Sigmund
  2034 | D:4      | Noticed an ogre
  2041 | D:4      | Chiseanne: the issue with gaming nowadays is that abusive
                  | human crap took over the community
  2263 | D:4      | Identified the +2 cloak of the Lumpy Dances {MP+9 Int+5}
  2443 | D:3      | Reached XP level 6. HP: 41/41 MP: 6/6
  2449 | D:3      | Reached skill level 4 in Stealth
  2845 | D:3      | Killed Sigmund
  2846 | D:3      | Reached skill level 5 in Stealth
  2846 | D:3      | Reached XP level 7. HP: 37/47 MP: 7/7
  3562 | D:5      | Entered Level 5 of the Dungeon
  3849 | D:5      | Reached skill level 5 in Shapeshifting
  3849 | D:5      | Reached XP level 8. HP: 39/54 MP: 8/8
  3925 | D:5      | Reached skill level 6 in Stealth
  3954 | D:5      | Noticed Edmund
  4050 | D:5      | Reached skill level 15 in Stealth
  4050 | D:5      | Reached XP level 9. HP: 59/59 MP: 8/18
  4566 | D:6      | Found Wuahit's Magic Scroll Boutique.
  4621 | D:6      | Reached skill level 5 in Dodging
  5339 | D:6      | Reached skill level 5 in Fighting
  6064 | D:7      | Found a transporter.
  6743 | D:7      | Found a transporter.
  6787 | D:7      | Noticed nitefall's ghost (novice MiBe)
  7450 | D:7      | Found a staircase to the Ecumenical Temple.
  7668 | Temple   | Entered the Ecumenical Temple
  7687 | Temple   | Became a worshipper of Gozag Ym Sagoz the Greedy
  7813 | D:8      | Reached XP level 10. HP: 55/66 MP: 19/19
  7831 | D:8      | HP: 3/66 [poisoned by a kobold]
  7831 | D:8      | Slain by a kobold

Illustrated notes

Levels and vault maps discovered:
D:1:      lightli_arrival_boilingwater, layout_basic
D:2:      layout_loops_corners, basic_altar, chequers_ecumenical_altar_grove,
          uniq_natasha
D:3:      layout_loops_ring, gup_sewer_entry_bubbles, uniq_ijyb, uniq_sigmund
D:4:      layout_rooms
D:5:      layout_loops_ring, corexii_leaking_fountain, grunt_decor_fettered,
          lemuel_flame_loot_1, uniq_edmund
D:6:      layout_basic, serial_shops, nicolae_inconvenience_store
D:7:      layout_layer_cave, minmay_temple_entry_nine_rooms, serial_library,
          serial_library_hellmonk_reading_circle,
          serial_library_regret_index_double_sided,
          serial_library_hellmonk_big_corner,
          serial_library_regret_index_branch_corner,
          serial_library_hellmonk_hallway_a,
          serial_library_hellmonk_layered_room,
          serial_library_hellmonk_angled_corner,
          serial_library_hellmonk_hallway_b, serial_library_regret_index_multi,
          serial_library_hellmonk_angled_corner, gammafunk_ghost_hive
D:8:      minmay_bloctagon, layout_rooms, mainiacjoe_overflow_tiny_flanked,
          roderic_lattice_a, uniq_pikel
Temple:   nicolae_temple_slightly_damp_pantheon

Skill      XL: |  1  2  3  4  5  6  7  8  9 |
---------------+----------------------------+-----
Stealth        | 1 2 3 5 15 | 15.8
Fighting       | 2 3 4 5 |  5.3
Dodging        | 3 4 5 |  5.6
Shapeshifting  | 4 5 |  5.8
Spellcasting   | 6 |  6.5
Unarmed Combat | |  3.0

Action                     |  1- 3 |  4- 6 |  7- 9 | 10-12 || total
---------------------------+-------+-------+-------+-------++-------
  Melee: Unarmed           |    43 |    15 |       |       ||    58
         Constrict         |    10 |    24 |    25 |     3 ||    62
         Tentacles         |     9 |    16 |    32 |     7 ||    64
         Punch             |       |     1 |     3 |       ||     4
         Short sword       |       |    80 |   143 |     8 ||   231
  Throw: Stone             |       |     1 |       |       ||     1
         Dart              |       |       |    12 |       ||    12
    Use: Scroll            |     4 |     2 |    12 |       ||    18
         Potion            |       |       |     1 |     1 ||     2
   Stab: Sleeping          |     6 |    18 |    20 |       ||    44
         Distracted        |       |     1 |     2 |       ||     3
 Armour: Skin              |    13 |    30 |    62 |     9 ||   114
  Dodge: Dodged            |    26 |    32 |    54 |     5 ||   117
   Form: Beast             |     1 |       |       |       ||     1
